Carnivores vs Knights

Created - 5 avril 2017 at 23:34

Goals
1 2 3 T
Carnivores 2 2 1 5
Knights 1 0 2 3
Shots
1 2 3 T
Carnivores 9 15 13 37
Knights 13 9 9 31

1st period

1. Knights , Cody Bass 24 (Scott Jackson) at 5:18
2. Carnivores , Steve Begin 2 (Jeremy Williams, Zack Smith) at 7:19
3. Carnivores , Colton Orr 20 (Vernon Fiddler) at 8:03

Penalties :
Chris Thorburn (Lon) for Goalie Interference (Minor) at 15:16

2nd period

4. Carnivores , Brendan Gallagher 30 (Anton Gustafsson) at 0:12
5. Carnivores , Brendan Gallagher 31 (Sasha Pokulok, Anton Gustafsson) at 2:39

Penalties :
Jeremy Welsh (Bre) for Cross-checking (Minor) at 4:20, Michael Raffl (Lon) for Holding Stick (Minor) at 11:18, Lane MacDermid (Bre) for Holding (Minor) at 15:05

3rd period

6. Knights , Chris Thorburn 36 (Zach Trotman) at 5:04
7. Carnivores , Brendan Gallagher 32 (Anton Gustafsson) at 6:34
8. Knights , Ryan Nugent-Hopkins 8 (Tomas Kundratek, Kevin Hayes) at 11:50

Penalties :
No Penalty

Goalie Stats

Erik Ersberg (Bre), 28 saves from 31 shots - (0,903), W, 12-6-3, 60:00 minutes
Ben Scrivens (Lon), 12 saves from 16 shots - (0,750), L, 19-10-4, 22:39 minutes
Jeff Glass (Lon), 20 saves from 21 shots - (0,952), 37:21 minutes

Players Stats for Carnivores

Player Name              G  A  P  +/- PIM S  H  SB GA TA FO     MP     PP MP  PK MP  
------------------------------------------------------------------------------------
Adam Almquist            0  0  0  -1  0   0  0  0  1  1  0/0    18:18   1:44   0:00 
Anton Gustafsson         0  3  3   2  0   3  2  0  1  1  13/31  21:23   1:46   0:54 
Brendan Gallagher        3  0  3   2  0   7  2  2  3  2  0/0    22:14   1:40   1:56 
Colton Orr               1  0  1   1  0   3  1  0  1  0  0/0     7:40   0:20   0:00 
Frederic St-Denis        0  0  0   2  0   0  2  0  0  0  0/0    12:21   0:00   1:33 
Jeremy Welsh             0  0  0   2  2   2  0  1  2  0  1/1    20:29   1:47   0:00 
Jeremy Williams          0  1  1   0  0   4  1  0  2  0  0/0    11:26   0:00   0:00 
Josh Manson              0  0  0   0  0   0  0  0  0  0  0/0     4:33   0:00   0:00 
Lane MacDermid           0  0  0  -1  2   3  1  0  2  1  0/0    15:52   0:15   0:27 
Mark McNeill             0  0  0  -1  0   0  1  1  0  0  0/0    16:39   1:50   0:00 
Markus Granlund          0  0  0  -1  0   2  2  1  1  0  8/16   17:44   1:50   1:04 
Mat Clark                0  0  0   1  0   1  0  1  0  0  0/0    22:15   2:14   0:00 
Mattias Backman          0  0  0   2  0   0  1  1  0  0  0/0    10:48   0:00   0:00 
Michael Schumacher       0  0  0   1  0   0  0  0  0  0  1/1     6:53   0:00   0:11 
Nate Schmidt             0  0  0   1  0   0  0  3  0  1  0/0    24:48   2:14   2:25 
Sasha Pokulok            0  1  1  -1  0   1  1  3  0  1  0/0    19:51   1:44   1:33 
Steve Begin              1  0  1   0  0   6  1  0  1  0  1/1    14:42   1:50   1:24 
Vernon Fiddler           0  1  1   1  0   4  1  2  1  0  6/8     9:29   0:36   1:57 
Zach Jones               0  0  0   0  0   0  0  0  0  0  0/0     7:06   0:00   2:25 
Zack Smith               0  1  1   0  0   1  1  0  0  1  4/9    11:29   0:00   0:03 

Players Stats for Knights

Player Name              G  A  P  +/- PIM S  H  SB GA TA FO     MP     PP MP  PK MP  
------------------------------------------------------------------------------------
Chris Thorburn           1  0  1  -1  2   5  1  0  0  0  2/2    18:56   1:33   0:12 
Cody Bass                1  0  1   1  0   1  0  0  2  1  6/9    15:35   0:00   1:58 
Jared Spurgeon           0  0  0  -2  0   0  2  4  1  2  0/0    23:52   1:35   1:38 
Joe Colborne             0  0  0  -2  0   0  0  0  0  0  0/3     3:06   0:00   0:00 
Jonathan Huberdeau       0  0  0   1  0   3  0  0  0  0  1/1    16:06   1:46   1:48 
Josh Bailey              0  0  0  -1  0   5  2  0  1  0  0/0    17:36   1:48   0:12 
Kevin Hayes              0  1  1  -1  0   0  2  1  0  1  1/2    17:48   2:00   0:36 
Linden Vey               0  0  0  -1  0   1  1  0  0  0  1/1     6:22   0:25   0:00 
Mark Stone               0  0  0   1  0   0  1  0  1  0  0/0    12:29   0:00   0:00 
Michael Raffl            0  0  0  -1  2   1  4  1  0  3  0/1    22:15   1:33   0:54 
Michael Stone            0  0  0   1  0   0  0  0  0  3  0/0    12:54   0:00   0:00 
Nikita Nikitin           0  0  0  -1  0   5  1  1  0  1  0/0    23:14   2:23   2:20 
Ronalds Kenins           0  0  0  -1  0   1  2  0  1  0  0/0     7:52   0:11   0:50 
Ryan Nugent-Hopkins      1  0  1   0  0   2  2  0  0  0  4/15   18:03   0:50   1:26 
Scott Jackson            0  1  1   1  0   0  1  2  0  0  0/0    16:52   1:35   1:38 
Tomas Kundratek          0  1  1  -3  0   1  2  1  0  1  0/0    26:48   2:23   2:20 
Zach Trotman             0  1  1   0  0   1  0  3  0  2  0/0    16:20   0:00   0:00 
Zack Hamill              0  0  0  -1  0   5  0  0  2  1  18/33  19:52   1:48   0:00 

3 Stars

1 - Brendan Gallagher (Bre)
2 - Anton Gustafsson (Bre)
3 - Colton Orr (Bre)

Power Play

Carnivores - 0 on 2 Attempt(s) - 0,00%
Knights - 0 on 2 Attempt(s) - 0,00%

Penalty Kill

Carnivores - 2 on 2 Attempt(s) - 100,00% - Score 0 goal in Penalty Kill
Knights - 2 on 2 Attempt(s) - 100,00% - Score 0 goal in Penalty Kill

Team Stat

Carnivores - Hits : 17 - Faceoff Wins : 34 - Blocked Shots : 15 - Penalty Minutes : 4
Knights - Hits : 21 - Faceoff Wins : 33 - Blocked Shots : 13 - Penalty Minutes : 4

Official

Referees : Joannette Marc and Walkom Stephen
Linesman : Ryan Galloway and Jean Morin

Game Notes

Joe Colborne is injured at 10:42 of 1st period (Sore Left Knee)
Jeff Glass enters game at 2:39 of 2nd period
Brendan Gallagher has scored a Hat Trick!

Finance

Level 1 -- Attendance: 1432 (71,60%) -- Ticket Income 50 120 $
Level 2 -- Attendance: 705 (70,50%) -- Ticket Income 14 100 $
Total Attendance: 2137 (71,23%)
Total Ticket Income: 64 220 $
Other Income: 3 211 $
Total Income: 67 431 $

Carnivores

5 vs 5 Forward 
   Center                   Left Wing                Right Wing               Time % Phy DF OF 
 1 Anton Gustafsson         Jeremy Welsh             Brendan Gallagher        40     1   2  2  
 2 Markus Granlund          Lane MacDermid           Mark McNeill             30     1   2  2  
 3 Zack Smith               Steve Begin              Jeremy Williams          20     1   2  2  
 4 Vernon Fiddler           Michael Schumacher       Colton Orr               10     1   2  2  

5 vs 5 Defense 
   Defense                  Defense                                           Time % Phy DF OF 
 1 Mat Clark                Nate Schmidt                                      40     1   2  2  
 2 Adam Almquist            Sasha Pokulok                                     30     1   2  2  
 3 Mattias Backman          Frederic St-Denis                                 20     1   2  2  
 4 Josh Manson              Zach Jones                                        10     1   2  2  

PowerPlay Forward 
   Center                   Left Wing                Right Wing               Time % Phy DF OF 
 1 Anton Gustafsson         Jeremy Welsh             Brendan Gallagher        60     1   2  2  
 2 Markus Granlund          Steve Begin              Mark McNeill             40     1   2  2  

PowerPlay Defense
   Defense                  Defense                                           Time % Phy DF OF 
 1 Mat Clark                Nate Schmidt                                      60     1   2  2  
 2 Adam Almquist            Sasha Pokulok                                     40     1   2  2  

Penalty Kill 4 Players Forward 
   Center                   Wing                     Time % Phy DF OF 
 1 Vernon Fiddler           Brendan Gallagher        60     1   2  2  
 2 Anton Gustafsson         Steve Begin              40     1   2  2  

Penalty Kill 4 Players Defense
   Defense                  Defense                  Time % Phy DF OF 
 1 Zach Jones               Nate Schmidt             60     1   2  2  
 2 Frederic St-Denis        Sasha Pokulok            40     1   2  2  

Penalty Kill - 3 Players Forward 
   Forward                                           Time % Phy DF OF 
 1 Steve Begin                                       60     1   2  2  
 2 Anton Gustafsson                                  40     1   2  2  

Penalty Kill - 3 Players Defense
   Defense                  Defense                  Time % Phy DF OF 
 1 Zach Jones               Nate Schmidt             60     1   2  2  
 2 Frederic St-Denis        Sasha Pokulok            40     1   2  2  

4 vs 4 Forward 
   Center                   Wing                     Time % Phy DF OF 
 1 Anton Gustafsson         Jeremy Welsh             60     1   2  2  
 2 Anton Gustafsson         Jeremy Williams          40     1   2  2  

4 vs 4 Defense
   Defense                  Defense                  Time % Phy DF OF 
 1 Sasha Pokulok            Nate Schmidt             60     1   2  2  
 2 Frederic St-Denis        Sasha Pokulok            40     1   2  2  

Last Minutes Offensive
   Center                   Left Wing                Right Wing               Defense                  Defense                  
   Vernon Fiddler           Jeremy Welsh             Brendan Gallagher        Mat Clark                Nate Schmidt             

Last Minutes Defensive
   Center                   Left Wing                Right Wing               Defense                  Defense                  
   Vernon Fiddler           Jeremy Welsh             Brendan Gallagher        Mat Clark                Nate Schmidt             

Goaltenders
Starting : Erik Ersberg             
Backup : Antti Raanta             

Extra Forwards
Normal : Brendan Gallagher, Jeremy Welsh, Colton Orr - PP : Brendan Gallagher, Vernon Fiddler - PK : Brendan Gallagher
Extra Defensemen
Normal : Mat Clark, Nate Schmidt, Mattias Backman - PP : Mat Clark - PK : Nate Schmidt, Josh Manson
Penalty Shots
Brendan Gallagher, Jeremy Welsh, Jeremy Williams, Vernon Fiddler, Colton Orr

Knights

5 vs 5 Forward 
   Center                   Left Wing                Right Wing               Time % Phy DF OF 
 1 Zack Hamill              Michael Raffl            Chris Thorburn           40     1   2  2  
 2 Joe Colborne             Josh Bailey              Kevin Hayes              30     1   2  2  
 3 Cody Bass                Jonathan Huberdeau       Mark Stone               20     1   2  2  
 4 Ryan Nugent-Hopkins      Ronalds Kenins           Linden Vey               10     1   2  2  

5 vs 5 Defense 
   Defense                  Defense                                           Time % Phy DF OF 
 1 Tomas Kundratek          Jared Spurgeon                                    40     1   2  2  
 2 Nikita Nikitin           Zach Trotman                                      30     1   2  2  
 3 Michael Stone            Scott Jackson                                     20     1   2  2  
 4 Tomas Kundratek          Nikita Nikitin                                    10     1   2  2  

PowerPlay Forward 
   Center                   Left Wing                Right Wing               Time % Phy DF OF 
 1 Zack Hamill              Josh Bailey              Kevin Hayes              60     0   0  5  
 2 Joe Colborne             Jonathan Huberdeau       Kevin Hayes              40     0   0  5  

PowerPlay Defense
   Defense                  Defense                                           Time % Phy DF OF 
 1 Tomas Kundratek          Nikita Nikitin                                    60     0   1  4  
 2 Jared Spurgeon           Scott Jackson                                     40     0   1  4  

Penalty Kill 4 Players Forward 
   Center                   Wing                     Time % Phy DF OF 
 1 Cody Bass                Michael Raffl            60     1   3  1  
 2 Joe Colborne             Kevin Hayes              40     1   3  1  

Penalty Kill 4 Players Defense
   Defense                  Defense                  Time % Phy DF OF 
 1 Nikita Nikitin           Tomas Kundratek          60     1   4  0  
 2 Scott Jackson            Jared Spurgeon           40     1   4  0  

Penalty Kill - 3 Players Forward 
   Forward                                           Time % Phy DF OF 
 1 Joe Colborne                                      60     0   4  1  
 2 Cody Bass                                         40     0   4  1  

Penalty Kill - 3 Players Defense
   Defense                  Defense                  Time % Phy DF OF 
 1 Nikita Nikitin           Tomas Kundratek          60     0   5  0  
 2 Michael Stone            Zach Trotman             40     0   5  0  

4 vs 4 Forward 
   Center                   Wing                     Time % Phy DF OF 
 1 Zack Hamill              Michael Raffl            60     1   2  2  
 2 Ryan Nugent-Hopkins      Mark Stone               40     1   2  2  

4 vs 4 Defense
   Defense                  Defense                  Time % Phy DF OF 
 1 Tomas Kundratek          Nikita Nikitin           60     1   2  2  
 2 Zach Trotman             Jared Spurgeon           40     1   2  2  

Last Minutes Offensive
   Center                   Left Wing                Right Wing               Defense                  Defense                  
   Zack Hamill              Michael Raffl            Chris Thorburn           Tomas Kundratek          Jared Spurgeon           

Last Minutes Defensive
   Center                   Left Wing                Right Wing               Defense                  Defense                  
   Joe Colborne             Michael Raffl            Kevin Hayes              Tomas Kundratek          Jared Spurgeon           

Goaltenders
Starting : Ben Scrivens             
Backup : Jeff Glass               

Extra Forwards
Normal : Ryan Nugent-Hopkins, Michael Raffl, Zack Hamill - PP : Michael Raffl, Zack Hamill - PK : Jonathan Huberdeau
Extra Defensemen
Normal : Nikita Nikitin, Tomas Kundratek, Jared Spurgeon - PP : Tomas Kundratek - PK : Scott Jackson, Tomas Kundratek
Penalty Shots
Ryan Nugent-Hopkins, Joe Colborne, Zack Hamill, Michael Raffl, Kevin Hayes

% Time on Ice - Carnivores

Lines # - Real PCT - Wanted PCT - Time Play
Normal Forward
1 - 37% - 40% - 19:07
2 - 28% - 30% - 14:49
3 - 22% - 20% - 11:26
4 - 13% - 10% - 6:42
Normal Defense
1 - 39% - 40% - 20:09
2 - 32% - 30% - 16:34
3 - 21% - 20% - 10:48
4 - 9% - 10% - 4:33
PP Forward
1 - 54% - 60% - 2:08
2 - 46% - 40% - 1:50
PP Defense
1 - 56% - 60% - 2:14
2 - 44% - 40% - 1:44
PK Forward
1 - 77% - 60% - 3:04
2 - 23% - 40% - 0:54
PK Defense
1 - 61% - 60% - 2:25
2 - 39% - 40% - 1:33
PK3 Forward
1 - 0% - 60%
2 - 0% - 40%
PK3 Defense
1 - 0% - 60%
2 - 0% - 40%
44 Forward
1 - 0% - 60%
2 - 0% - 40%
44 Defense
1 - 0% - 60%
2 - 0% - 40%
Last Minute Offensive  - 0:00
Last Minute Defensive  - 0:00
Total
Forward - 60:00
Defense - 60:00

% Time on Ice - Knights

Lines # - Real PCT - Wanted PCT - Time Play
Normal Forward
1 - 34% - 40% - 17:48
2 - 30% - 30% - 15:50
3 - 24% - 20% - 12:29
4 - 11% - 10% - 5:57
Normal Defense
1 - 39% - 40% - 20:07
2 - 33% - 30% - 17:05
3 - 25% - 20% - 12:54
4 - 4% - 10% - 1:58
PP Forward
1 - 45% - 60% - 1:48
2 - 55% - 40% - 2:10
PP Defense
1 - 60% - 60% - 2:23
2 - 40% - 40% - 1:35
PK Forward
1 - 85% - 60% - 3:22
2 - 15% - 40% - 0:36
PK Defense
1 - 59% - 60% - 2:20
2 - 41% - 40% - 1:38
PK3 Forward
1 - 0% - 60%
2 - 0% - 40%
PK3 Defense
1 - 0% - 60%
2 - 0% - 40%
44 Forward
1 - 0% - 60%
2 - 0% - 40%
44 Defense
1 - 0% - 60%
2 - 0% - 40%
Last Minute Offensive  - 0:00
Last Minute Defensive  - 0:00
Total
Forward - 60:00
Defense - 60:00

Play by Play

1st period


0:01 of 1st period - Zack Hamill wins face-off versus Anton Gustafsson in neutral zone.
0:04 of 1st period - Nate Schmidt is hit by Jared Spurgeon and loses puck.
0:36 of 1st period - Slapshot by Nate Schmidt.
0:36 of 1st period - Deflect By Lane MacDermid.
0:36 of 1st period - Deflect By Zach Trotman.
0:36 of 1st period - Shot Misses the Net.
0:36 of 1st period - Puck is out of play.
0:37 of 1st period - Cody Bass wins face-off versus Zack Smith in Knights zone.
0:53 of 1st period - Slapshot by Jonathan Huberdeau.
0:53 of 1st period - Stopped by Erik Ersberg without a rebound.
0:54 of 1st period - Vernon Fiddler wins face-off versus Ryan Nugent-Hopkins in Carnivores zone.
0:54 of 1st period - Vernon Fiddler is hit by Ronalds Kenins.
1:04 of 1st period - Tomas Kundratek is hit by Frederic St-Denis and loses puck.
1:58 of 1st period - Snap shot by Jeremy Williams.
1:58 of 1st period - Shot Blocked by Zach Trotman.
2:05 of 1st period - Off-side.
2:06 of 1st period - Anton Gustafsson wins face-off versus Zack Hamill in neutral zone.
2:09 of 1st period - Wrist shot by Jeremy Welsh.
2:09 of 1st period - Shot Misses the Net.
2:11 of 1st period - Wrist shot by Jeremy Welsh.
2:11 of 1st period - Stopped by Ben Scrivens with a rebound.
2:13 of 1st period - Wrist shot by Jeremy Welsh.
2:13 of 1st period - Shot Misses the Net.
2:31 of 1st period - Michael Raffl is hit by Sasha Pokulok and loses puck.
3:49 of 1st period - Zach Trotman is hit by Brendan Gallagher and loses puck.
4:00 of 1st period - Jeremy Williams is hit by Kevin Hayes and loses puck.
4:05 of 1st period - Snap shot by Joe Colborne.
4:05 of 1st period - Shot Hit the Post.
4:07 of 1st period - Slapshot by Nikita Nikitin.
4:07 of 1st period - Stopped by Erik Ersberg with a rebound.
4:14 of 1st period - Icing by Josh Manson.
4:15 of 1st period - Zack Smith wins face-off versus Cody Bass in Carnivores zone.
4:20 of 1st period - Slapshot by Zach Jones.
4:20 of 1st period - Deflect By Markus Granlund.
4:20 of 1st period - Shot Blocked by Scott Jackson.
4:20 of 1st period - Puck is out of play.
4:21 of 1st period - Cody Bass wins face-off versus Markus Granlund in Knights zone.
4:34 of 1st period - Snap shot by Mark Stone.
4:34 of 1st period - Shot Misses the Net.
4:36 of 1st period - Wrist shot by Michael Stone.
4:36 of 1st period - Shot Blocked by Sasha Pokulok.
4:38 of 1st period - Wrist shot by Cody Bass.
4:38 of 1st period - Shot Blocked by Mark McNeill.
4:40 of 1st period - Slapshot by Michael Stone.
4:40 of 1st period - Shot Blocked by Sasha Pokulok.
4:46 of 1st period - Snap shot by Mark Stone.
4:46 of 1st period - Shot Blocked by Sasha Pokulok.
5:18 of 1st period - Snap shot by Cody Bass.
5:18 of 1st period - Goal by Cody Bass - Carnivores : 0 - Knights : 1.
5:19 of 1st period - Anton Gustafsson wins face-off versus Zack Hamill in neutral zone.
6:06 of 1st period - Wrist shot by Jeremy Williams.
6:06 of 1st period - Stopped by Ben Scrivens with a rebound.
6:32 of 1st period - Wrist shot by Zack Hamill.
6:32 of 1st period - Stopped by Erik Ersberg without a rebound.
6:33 of 1st period - Zack Hamill wins face-off versus Vernon Fiddler in Carnivores zone.
6:38 of 1st period - Wrist shot by Zack Hamill.
6:38 of 1st period - Stopped by Erik Ersberg without a rebound.
6:39 of 1st period - Zack Hamill wins face-off versus Anton Gustafsson in Carnivores zone.
6:43 of 1st period - Icing by Sasha Pokulok.
6:44 of 1st period - Zack Hamill wins face-off versus Anton Gustafsson in Carnivores zone.
7:09 of 1st period - Snap shot by Jeremy Williams.
7:09 of 1st period - Stopped by Ben Scrivens with a rebound.
7:11 of 1st period - Wrist shot by Jeremy Williams.
7:11 of 1st period - Deflect By Zack Smith.
7:11 of 1st period - Stopped by Ben Scrivens without a rebound.
7:12 of 1st period - Zack Smith wins face-off versus Joe Colborne in Knights zone.
7:19 of 1st period - Wrist shot by Steve Begin.
7:19 of 1st period - Goal by Steve Begin - Carnivores : 1 - Knights : 1.
7:20 of 1st period - Chris Thorburn wins face-off versus Anton Gustafsson in neutral zone.
7:27 of 1st period - Snap shot by Zack Hamill.
7:27 of 1st period - Shot Hit the Post.
7:47 of 1st period - Jared Spurgeon is hit by Mattias Backman and loses puck.
8:01 of 1st period - Icing by Joe Colborne.
8:02 of 1st period - Vernon Fiddler wins face-off versus Joe Colborne in Knights zone.
8:03 of 1st period - Backhand shot by Colton Orr.
8:03 of 1st period - Goal by Colton Orr - Carnivores : 2 - Knights : 1.
8:04 of 1st period - Zack Hamill wins face-off versus Anton Gustafsson in neutral zone.
8:15 of 1st period - Slapshot by Zack Hamill.
8:15 of 1st period - Stopped by Erik Ersberg without a rebound.
8:16 of 1st period - Zack Hamill wins face-off versus Anton Gustafsson in Carnivores zone.
8:45 of 1st period - Snap shot by Jeremy Welsh.
8:45 of 1st period - Stopped by Ben Scrivens with a rebound.
9:35 of 1st period - Wrist shot by Michael Raffl.
9:35 of 1st period - Stopped by Erik Ersberg without a rebound.
9:36 of 1st period - Markus Granlund wins face-off versus Joe Colborne in Carnivores zone.
10:09 of 1st period - Off-side.
10:10 of 1st period - Zack Hamill wins face-off versus Anton Gustafsson in neutral zone.
10:15 of 1st period - Wrist shot by Michael Raffl.
10:15 of 1st period - Shot Misses the Net.
10:41 of 1st period - Joe Colborne is hit by Zack Smith and loses puck.
10:42 of 1st period - Joe Colborne from Knights is injured at 10:42 of 1st period (Sore Left Knee).
10:43 of 1st period - Zack Hamill wins face-off versus Anton Gustafsson in Knights zone.
10:52 of 1st period - Wrist shot by Chris Thorburn.
10:52 of 1st period - Stopped by Erik Ersberg with a rebound.
10:59 of 1st period - Off-side.
11:00 of 1st period - Markus Granlund wins face-off versus Ryan Nugent-Hopkins in neutral zone.
11:07 of 1st period - Slapshot by Lane MacDermid.
11:07 of 1st period - Stopped by Ben Scrivens without a rebound.
11:08 of 1st period - Ryan Nugent-Hopkins wins face-off versus Markus Granlund in Knights zone.
11:21 of 1st period - Snap shot by Josh Bailey.
11:21 of 1st period - Stopped by Erik Ersberg with a rebound.
11:23 of 1st period - Slapshot by Josh Bailey.
11:23 of 1st period - Shot Misses the Net.
11:35 of 1st period - Wrist shot by Anton Gustafsson.
11:35 of 1st period - Shot Misses the Net.
12:25 of 1st period - Snap shot by Tomas Kundratek.
12:25 of 1st period - Stopped by Erik Ersberg with a rebound.
12:53 of 1st period - Slapshot by Anton Gustafsson.
12:53 of 1st period - Shot Misses the Net.
13:17 of 1st period - Mark McNeill is hit by Chris Thorburn and loses puck.
13:30 of 1st period - Snap shot by Steve Begin.
13:30 of 1st period - Stopped by Ben Scrivens with a rebound.
14:10 of 1st period - Slapshot by Nikita Nikitin.
14:10 of 1st period - Shot Blocked by Vernon Fiddler.
14:12 of 1st period - Snap shot by Zack Hamill.
14:12 of 1st period - Stopped by Erik Ersberg without a rebound.
14:13 of 1st period - Markus Granlund wins face-off versus Zack Hamill in Carnivores zone.
14:43 of 1st period - Wrist shot by Anton Gustafsson.
14:43 of 1st period - Shot Misses the Net.
14:53 of 1st period - Brendan Gallagher is hit by Josh Bailey and loses puck.
15:16 of 1st period - Minor Penalty to Chris Thorburn for Goalie Interference.
15:17 of 1st period - Cody Bass wins face-off versus Markus Granlund in Knights zone.
17:16 of 1st period - Penalty to Chris Thorburn is over, Chris Thorburn is back on ice.
17:17 of 1st period - Icing by Anton Gustafsson.
17:18 of 1st period - Vernon Fiddler wins face-off versus Kevin Hayes in Carnivores zone.
17:46 of 1st period - Off-side.
17:47 of 1st period - Michael Schumacher wins face-off versus Zack Hamill in neutral zone.
18:37 of 1st period - Slapshot by Ryan Nugent-Hopkins.
18:37 of 1st period - Shot Misses the Net.
18:39 of 1st period - Slapshot by Nikita Nikitin.
18:39 of 1st period - Shot Blocked by Brendan Gallagher.
18:41 of 1st period - Wrist shot by Josh Bailey.
18:41 of 1st period - Stopped by Erik Ersberg without a rebound.
18:42 of 1st period - Zack Hamill wins face-off versus Markus Granlund in Carnivores zone.
18:47 of 1st period - Wrist shot by Chris Thorburn.
18:47 of 1st period - Stopped by Erik Ersberg without a rebound.
18:48 of 1st period - Markus Granlund wins face-off versus Zack Hamill in Carnivores zone.
18:55 of 1st period - Nate Schmidt is hit by Michael Raffl and loses puck.
19:14 of 1st period - Mat Clark is hit by Kevin Hayes and loses puck.
19:44 of 1st period - Wrist shot by Jeremy Williams.
19:44 of 1st period - Shot Blocked by Nikita Nikitin.
Goals for this period are 2 for Carnivores vs 1 for Knights.
Shots for this period are 9 for Carnivores vs 13 for Knights.

2nd period


0:01 of 2nd period - Anton Gustafsson wins face-off versus Zack Hamill in neutral zone.
0:12 of 2nd period - Slapshot by Brendan Gallagher.
0:12 of 2nd period - Goal by Brendan Gallagher - Carnivores : 3 - Knights : 1.
0:13 of 2nd period - Zack Hamill wins face-off versus Anton Gustafsson in neutral zone.
0:49 of 2nd period - Wrist shot by Markus Granlund.
0:49 of 2nd period - Deflect By Jared Spurgeon.
0:49 of 2nd period - Stopped by Ben Scrivens with a rebound.
0:51 of 2nd period - Slapshot by Markus Granlund.
0:51 of 2nd period - Deflect By Lane MacDermid.
0:51 of 2nd period - Stopped by Ben Scrivens without a rebound.
0:52 of 2nd period - Zack Hamill wins face-off versus Zack Smith in Knights zone.
1:03 of 2nd period - Wrist shot by Zack Hamill.
1:03 of 2nd period - Deflect By Chris Thorburn.
1:03 of 2nd period - Shot Misses the Net.
1:03 of 2nd period - Puck is out of play.
1:04 of 2nd period - Anton Gustafsson wins face-off versus Zack Hamill in Carnivores zone.
1:15 of 2nd period - Wrist shot by Anton Gustafsson.
1:15 of 2nd period - Stopped by Ben Scrivens with a rebound.
1:17 of 2nd period - Slapshot by Brendan Gallagher.
1:17 of 2nd period - Shot Misses the Net.
1:42 of 2nd period - Tomas Kundratek is hit by Markus Granlund and loses puck.
2:23 of 2nd period - Off-side.
2:24 of 2nd period - Zack Hamill wins face-off versus Anton Gustafsson in neutral zone.
2:33 of 2nd period - Snap shot by Anton Gustafsson.
2:33 of 2nd period - Stopped by Ben Scrivens with a rebound.
2:35 of 2nd period - Snap shot by Brendan Gallagher.
2:35 of 2nd period - Shot Blocked by Tomas Kundratek.
2:37 of 2nd period - Slapshot by Sasha Pokulok.
2:37 of 2nd period - Deflect By Jared Spurgeon.
2:37 of 2nd period - Stopped by Ben Scrivens with a rebound.
2:39 of 2nd period - Slapshot by Brendan Gallagher.
2:39 of 2nd period - Goal by Brendan Gallagher - Carnivores : 4 - Knights : 1.
2:39 of 2nd period - Jeff Glass enters game.
2:40 of 2nd period - Markus Granlund wins face-off versus Zack Hamill in neutral zone.
3:07 of 2nd period - Slapshot by Nikita Nikitin.
3:07 of 2nd period - Stopped by Erik Ersberg with a rebound.
3:09 of 2nd period - Slapshot by Zach Trotman.
3:09 of 2nd period - Shot Misses the Net.
3:11 of 2nd period - Slapshot by Jonathan Huberdeau.
3:11 of 2nd period - Stopped by Erik Ersberg without a rebound.
3:12 of 2nd period - Cody Bass wins face-off versus Anton Gustafsson in Carnivores zone.
3:23 of 2nd period - Slapshot by Nikita Nikitin.
3:23 of 2nd period - Stopped by Erik Ersberg without a rebound.
3:24 of 2nd period - Anton Gustafsson wins face-off versus Zack Hamill in Carnivores zone.
3:37 of 2nd period - Snap shot by Zack Hamill.
3:37 of 2nd period - Deflect By Michael Raffl.
3:37 of 2nd period - Shot Blocked by Brendan Gallagher.
3:37 of 2nd period - Puck is out of play.
3:38 of 2nd period - Kevin Hayes wins face-off versus Markus Granlund in Carnivores zone.
3:47 of 2nd period - Snap shot by Josh Bailey.
3:47 of 2nd period - Stopped by Erik Ersberg without a rebound.
3:48 of 2nd period - Ryan Nugent-Hopkins wins face-off versus Markus Granlund in Carnivores zone.
3:51 of 2nd period - Snap shot by Josh Bailey.
3:51 of 2nd period - Deflect By Lane MacDermid.
3:51 of 2nd period - Stopped by Erik Ersberg with a rebound.
3:53 of 2nd period - Slapshot by Tomas Kundratek.
3:53 of 2nd period - Shot Blocked by Mat Clark.
3:55 of 2nd period - Snap shot by Josh Bailey.
3:55 of 2nd period - Stopped by Erik Ersberg without a rebound.
3:56 of 2nd period - Zack Hamill wins face-off versus Anton Gustafsson in Carnivores zone.
3:59 of 2nd period - Slapshot by Zack Hamill.
3:59 of 2nd period - Stopped by Erik Ersberg with a rebound.
4:01 of 2nd period - Snap shot by Zach Trotman.
4:01 of 2nd period - Shot Misses the Net.
4:13 of 2nd period - Jeremy Welsh is hit by Michael Raffl and loses puck.
4:20 of 2nd period - Minor Penalty to Jeremy Welsh for Cross-checking.
4:21 of 2nd period - Vernon Fiddler wins face-off versus Zack Hamill in Carnivores zone.
5:22 of 2nd period - Snap shot by Lane MacDermid.
5:22 of 2nd period - Shot Blocked by Jared Spurgeon.
6:20 of 2nd period - Penalty to Jeremy Welsh is over, Jeremy Welsh is back on ice.
6:44 of 2nd period - Cody Bass is hit by Markus Granlund and loses puck.
7:02 of 2nd period - Snap shot by Lane MacDermid.
7:02 of 2nd period - Stopped by Jeff Glass with a rebound.
7:13 of 2nd period - Off-side.
7:14 of 2nd period - Anton Gustafsson wins face-off versus Ryan Nugent-Hopkins in neutral zone.
7:21 of 2nd period - Wrist shot by Anton Gustafsson.
7:21 of 2nd period - Stopped by Jeff Glass with a rebound.
7:55 of 2nd period - Zack Hamill is hit by Jeremy Williams and loses puck.
10:57 of 2nd period - Wrist shot by Ronalds Kenins.
10:57 of 2nd period - Stopped by Erik Ersberg without a rebound.
10:58 of 2nd period - Anton Gustafsson wins face-off versus Ryan Nugent-Hopkins in Carnivores zone.
10:58 of 2nd period - Anton Gustafsson is hit by Linden Vey.
11:10 of 2nd period - Snap shot by Anton Gustafsson.
11:10 of 2nd period - Shot Misses the Net.
11:12 of 2nd period - Slapshot by Jeremy Welsh.
11:12 of 2nd period - Shot Blocked by Jared Spurgeon.
11:14 of 2nd period - Wrist shot by Brendan Gallagher.
11:14 of 2nd period - Stopped by Jeff Glass without a rebound.
11:15 of 2nd period - Markus Granlund wins face-off versus Zack Hamill in Knights zone.
11:16 of 2nd period - Slapshot by Lane MacDermid.
11:16 of 2nd period - Shot Misses the Net.
11:18 of 2nd period - Minor Penalty to Michael Raffl for Holding Stick.
11:19 of 2nd period - Cody Bass wins face-off versus Anton Gustafsson in Knights zone.
11:51 of 2nd period - Slapshot by Steve Begin.
11:51 of 2nd period - Stopped by Jeff Glass with a rebound.
11:53 of 2nd period - Wrist shot by Steve Begin.
11:53 of 2nd period - Stopped by Jeff Glass with a rebound.
11:57 of 2nd period - Wrist shot by Steve Begin.
11:57 of 2nd period - Stopped by Jeff Glass with a rebound.
13:13 of 2nd period - Snap shot by Vernon Fiddler.
13:13 of 2nd period - Stopped by Jeff Glass without a rebound.
13:14 of 2nd period - Anton Gustafsson wins face-off versus Cody Bass in Knights zone.
13:18 of 2nd period - Penalty to Michael Raffl is over, Michael Raffl is back on ice.
13:35 of 2nd period - Slapshot by Michael Raffl.
13:35 of 2nd period - Shot Blocked by Vernon Fiddler.
13:52 of 2nd period - Mattias Backman is hit by Nikita Nikitin and loses puck.
14:14 of 2nd period - Icing by Michael Raffl.
14:15 of 2nd period - Jonathan Huberdeau wins face-off versus Zack Smith in Knights zone.
14:26 of 2nd period - Slapshot by Jeremy Williams.
14:26 of 2nd period - Stopped by Jeff Glass without a rebound.
14:27 of 2nd period - Jeremy Welsh wins face-off versus Ryan Nugent-Hopkins in Knights zone.
15:05 of 2nd period - Minor Penalty to Lane MacDermid for Holding.
15:06 of 2nd period - Zack Hamill wins face-off versus Vernon Fiddler in Carnivores zone.
15:07 of 2nd period - Wrist shot by Josh Bailey.
15:07 of 2nd period - Deflect By Zack Hamill.
15:07 of 2nd period - Shot Misses the Net.
15:07 of 2nd period - Puck is out of play.
15:08 of 2nd period - Vernon Fiddler wins face-off versus Zack Hamill in Carnivores zone.
15:35 of 2nd period - Snap shot by Jonathan Huberdeau.
15:35 of 2nd period - Shot Blocked by Nate Schmidt.
15:37 of 2nd period - Backhand shot by Nikita Nikitin.
15:37 of 2nd period - Stopped by Erik Ersberg with a rebound.
15:51 of 2nd period - Jared Spurgeon is hit by Frederic St-Denis and loses puck.
16:06 of 2nd period - Anton Gustafsson is hit by Josh Bailey and loses puck.
17:05 of 2nd period - Penalty to Lane MacDermid is over, Lane MacDermid is back on ice.
17:26 of 2nd period - Zach Trotman is hit by Anton Gustafsson and loses puck.
18:31 of 2nd period - Jared Spurgeon is hit by Steve Begin and loses puck.
18:54 of 2nd period - Vernon Fiddler is hit by Tomas Kundratek and loses puck.
19:05 of 2nd period - Nikita Nikitin is hit by Mark McNeill and loses puck.
Goals for this period are 2 for Carnivores vs 0 for Knights.
Shots for this period are 15 for Carnivores vs 9 for Knights.

3rd period


0:01 of 3rd period - Anton Gustafsson wins face-off versus Zack Hamill in neutral zone.
0:26 of 3rd period - Josh Bailey is hit by Lane MacDermid.
0:32 of 3rd period - Mark McNeill is hit by Ryan Nugent-Hopkins and loses puck.
0:59 of 3rd period - Wrist shot by Jeremy Williams.
0:59 of 3rd period - Stopped by Jeff Glass with a rebound.
1:15 of 3rd period - Snap shot by Chris Thorburn.
1:15 of 3rd period - Stopped by Erik Ersberg with a rebound.
1:31 of 3rd period - Snap shot by Sasha Pokulok.
1:31 of 3rd period - Shot Blocked by Jared Spurgeon.
2:27 of 3rd period - Ryan Nugent-Hopkins is hit by Vernon Fiddler.
3:25 of 3rd period - Mat Clark is hit by Ronalds Kenins and loses puck.
4:21 of 3rd period - Snap shot by Colton Orr.
4:21 of 3rd period - Stopped by Jeff Glass with a rebound.
4:23 of 3rd period - Snap shot by Vernon Fiddler.
4:23 of 3rd period - Stopped by Jeff Glass without a rebound.
4:24 of 3rd period - Cody Bass wins face-off versus Anton Gustafsson in Knights zone.
4:24 of 3rd period - Cody Bass is hit by Anton Gustafsson.
5:04 of 3rd period - Snap shot by Chris Thorburn.
5:04 of 3rd period - Goal by Chris Thorburn - Carnivores : 4 - Knights : 2.
5:05 of 3rd period - Zack Hamill wins face-off versus Anton Gustafsson in neutral zone.
5:35 of 3rd period - Snap shot by Markus Granlund.
5:35 of 3rd period - Shot Blocked by Kevin Hayes.
5:37 of 3rd period - Snap shot by Lane MacDermid.
5:37 of 3rd period - Shot Misses the Net.
5:39 of 3rd period - Snap shot by Markus Granlund.
5:39 of 3rd period - Shot Misses the Net.
5:41 of 3rd period - Slapshot by Nate Schmidt.
5:41 of 3rd period - Shot Blocked by Zach Trotman.
5:43 of 3rd period - Snap shot by Mat Clark.
5:43 of 3rd period - Stopped by Jeff Glass with a rebound.
5:53 of 3rd period - Wrist shot by Zach Trotman.
5:53 of 3rd period - Stopped by Erik Ersberg with a rebound.
6:13 of 3rd period - Michael Raffl is hit by Colton Orr and loses puck.
6:26 of 3rd period - Wrist shot by Vernon Fiddler.
6:26 of 3rd period - Stopped by Jeff Glass without a rebound.
6:27 of 3rd period - Anton Gustafsson wins face-off versus Ryan Nugent-Hopkins in Knights zone.
6:34 of 3rd period - Snap shot by Brendan Gallagher.
6:34 of 3rd period - Goal by Brendan Gallagher - Carnivores : 5 - Knights : 2.
6:35 of 3rd period - Chris Thorburn wins face-off versus Anton Gustafsson in neutral zone.
6:50 of 3rd period - Wrist shot by Chris Thorburn.
6:50 of 3rd period - Shot Misses the Net.
7:25 of 3rd period - Snap shot by Steve Begin.
7:25 of 3rd period - Stopped by Jeff Glass without a rebound.
7:26 of 3rd period - Zack Hamill wins face-off versus Zack Smith in Knights zone.
7:42 of 3rd period - Icing by Michael Raffl.
7:43 of 3rd period - Zack Hamill wins face-off versus Anton Gustafsson in Knights zone.
7:45 of 3rd period - Icing by Chris Thorburn.
7:46 of 3rd period - Anton Gustafsson wins face-off versus Zack Hamill in Knights zone.
8:03 of 3rd period - Wrist shot by Zack Hamill.
8:03 of 3rd period - Shot Misses the Net.
8:05 of 3rd period - Snap shot by Chris Thorburn.
8:05 of 3rd period - Shot Misses the Net.
8:07 of 3rd period - Wrist shot by Chris Thorburn.
8:07 of 3rd period - Shot Misses the Net.
8:09 of 3rd period - Wrist shot by Michael Raffl.
8:09 of 3rd period - Deflect By Sasha Pokulok.
8:09 of 3rd period - Shot Misses the Net.
8:09 of 3rd period - Puck is out of play.
8:10 of 3rd period - Markus Granlund wins face-off versus Ryan Nugent-Hopkins in Carnivores zone.
8:39 of 3rd period - Slapshot by Jonathan Huberdeau.
8:39 of 3rd period - Stopped by Erik Ersberg without a rebound.
8:40 of 3rd period - Steve Begin wins face-off versus Cody Bass in Carnivores zone.
9:05 of 3rd period - Sasha Pokulok is hit by Michael Raffl and loses puck.
9:28 of 3rd period - Colton Orr is hit by Ryan Nugent-Hopkins and loses puck.
9:59 of 3rd period - Wrist shot by Lane MacDermid.
9:59 of 3rd period - Shot Misses the Net.
10:11 of 3rd period - Anton Gustafsson is hit by Scott Jackson and loses puck.
10:57 of 3rd period - Mark McNeill is hit by Tomas Kundratek and loses puck.
11:30 of 3rd period - Snap shot by Brendan Gallagher.
11:30 of 3rd period - Stopped by Jeff Glass with a rebound.
11:36 of 3rd period - Snap shot by Brendan Gallagher.
11:36 of 3rd period - Stopped by Jeff Glass without a rebound.
11:37 of 3rd period - Anton Gustafsson wins face-off versus Ryan Nugent-Hopkins in Knights zone.
11:38 of 3rd period - Wrist shot by Brendan Gallagher.
11:38 of 3rd period - Stopped by Jeff Glass without a rebound.
11:39 of 3rd period - Ryan Nugent-Hopkins wins face-off versus Anton Gustafsson in Knights zone.
11:48 of 3rd period - Slapshot by Tomas Kundratek.
11:48 of 3rd period - Shot Blocked by Nate Schmidt.
11:50 of 3rd period - Slapshot by Ryan Nugent-Hopkins.
11:50 of 3rd period - Goal by Ryan Nugent-Hopkins - Carnivores : 5 - Knights : 3.
11:51 of 3rd period - Anton Gustafsson wins face-off versus Michael Raffl in neutral zone.
12:17 of 3rd period - Icing by Ryan Nugent-Hopkins.
12:18 of 3rd period - Ryan Nugent-Hopkins wins face-off versus Markus Granlund in Knights zone.
12:54 of 3rd period - Icing by Jared Spurgeon.
12:55 of 3rd period - Zack Hamill wins face-off versus Markus Granlund in Knights zone.
13:04 of 3rd period - Backhand shot by Tomas Kundratek.
13:04 of 3rd period - Shot Blocked by Markus Granlund.
14:04 of 3rd period - Wrist shot by Vernon Fiddler.
14:04 of 3rd period - Stopped by Jeff Glass without a rebound.
14:05 of 3rd period - Vernon Fiddler wins face-off versus Ryan Nugent-Hopkins in Knights zone.
14:06 of 3rd period - Snap shot by Colton Orr.
14:06 of 3rd period - Stopped by Jeff Glass with a rebound.
14:08 of 3rd period - Snap shot by Michael Schumacher.
14:08 of 3rd period - Shot Misses the Net.
15:03 of 3rd period - Steve Begin is hit by Mark Stone and loses puck.
15:26 of 3rd period - Wrist shot by Sasha Pokulok.
15:26 of 3rd period - Shot Blocked by Jared Spurgeon.
16:33 of 3rd period - Icing by Mattias Backman.
16:34 of 3rd period - Markus Granlund wins face-off versus Zack Hamill in Carnivores zone.
16:49 of 3rd period - Wrist shot by Lane MacDermid.
16:49 of 3rd period - Shot Blocked by Scott Jackson.
17:01 of 3rd period - Slapshot by Zack Hamill.
17:01 of 3rd period - Shot Blocked by Nate Schmidt.
17:03 of 3rd period - Snap shot by Zack Hamill.
17:03 of 3rd period - Shot Hit the Post.
17:05 of 3rd period - Slapshot by Michael Raffl.
17:05 of 3rd period - Shot Hit the Post.
17:11 of 3rd period - Snap shot by Chris Thorburn.
17:11 of 3rd period - Stopped by Erik Ersberg without a rebound.
17:12 of 3rd period - Zack Smith wins face-off versus Ryan Nugent-Hopkins in Carnivores zone.
17:37 of 3rd period - Anton Gustafsson is hit by Michael Raffl and loses puck.
17:56 of 3rd period - Slapshot by Mat Clark.
17:56 of 3rd period - Shot Blocked by Zach Trotman.
18:02 of 3rd period - Slapshot by Markus Granlund.
18:02 of 3rd period - Stopped by Jeff Glass with a rebound.
18:18 of 3rd period - Cody Bass is hit by Brendan Gallagher and loses puck.
18:31 of 3rd period - Snap shot by Nikita Nikitin.
18:31 of 3rd period - Stopped by Erik Ersberg with a rebound.
18:33 of 3rd period - Slapshot by Zach Trotman.
18:33 of 3rd period - Shot Blocked by Jeremy Welsh.
18:35 of 3rd period - Snap shot by Cody Bass.
18:35 of 3rd period - Shot Misses the Net.
18:37 of 3rd period - Slapshot by Zach Trotman.
18:37 of 3rd period - Shot Blocked by Mattias Backman.
18:39 of 3rd period - Snap shot by Jonathan Huberdeau.
18:39 of 3rd period - Shot Misses the Net.
18:55 of 3rd period - Wrist shot by Cody Bass.
18:55 of 3rd period - Deflect By Jonathan Huberdeau.
18:55 of 3rd period - Shot Misses the Net.
18:55 of 3rd period - Puck is out of play.
18:56 of 3rd period - Linden Vey wins face-off versus Zack Smith in Carnivores zone.
18:57 of 3rd period - Snap shot by Ryan Nugent-Hopkins.
18:57 of 3rd period - Stopped by Erik Ersberg with a rebound.
18:59 of 3rd period - Snap shot by Linden Vey.
18:59 of 3rd period - Stopped by Erik Ersberg without a rebound.
19:00 of 3rd period - Zack Smith wins face-off versus Ryan Nugent-Hopkins in Carnivores zone.
19:00 of 3rd period - Zack Smith is hit by Jared Spurgeon.
19:26 of 3rd period - Backhand shot by Sasha Pokulok.
19:26 of 3rd period - Shot Blocked by Michael Raffl.
Goals for this period are 1 for Carnivores vs 2 for Knights.
Shots for this period are 13 for Carnivores vs 9 for Knights.